AoeStats
← 一条固执的鱼

African Clearing

506189200Analyzed
3v3 RM · 20d ago on Sep 12, 2026· 63m 55s· 6 players
Game mode
Random Map
Map size
Normal (6 player)
Population
200
Speed
Normal
Resources
Standard
Victory
Conquest
Starting age
Dark Age
Ending age
Imperial Age
RankedLock teamsTeams togetherTeam positionsShared explorationLock speedFull tech treeHidden civsTurbo modeCheats
Victory
Defeat
🇩🇪 Mongols · Germany
1254
+13
🇩🇪 Huns · Germany
1183
+16
🇫🇷 Hindustanis · France
1175
+18
🇨🇳 Burgundians · China
1222
-17
🇨🇳 Mongols · China
1181
-15
🇨🇳 Vietnamese · China
1176
-15
一条固执的鱼
6:09 Loom
13:26 Feudal Age
18:18 Castle Age
17:04 Double-Bit Axe
18:35 Stone Mining
18:30 Horse Collar
21:31 Wheelbarrow
24:18 Scale Mail Armor
27:51 Hand Cart
28:42 Bow Saw
32:56 Chain Mail Armor
33:51 Squires
33:37 Arson
34:05 Forging
35:05 Town Watch
38:25 Imperial Age
37:27 Heavy Plow
37:20 Gold Mining
38:05 Stone Shaft Mining
37:30 Fletching
37:40 Padded Archer Armor
37:24 Elite Skirmisher
38:19 Thumb Ring
38:11 Bodkin Arrow
39:19 Leather Archer Armor
39:06 Imperial Skirmisher
40:23 Bracer
40:47 Ballistics
41:28 Chemistry
43:52 Ring Archer Armor
46:09 Elite Fire Lancer
51:23 Scale Barding Armor
55:03 Two-Man Saw
沉着 冷静
10:15 Double-Bit Axe
12:42 Feudal Age
12:19 Loom
16:49 Castle Age
16:40 Bow Saw
22:04 Forging
26:18 Scale Barding Armor
30:01 Chain Barding Armor
30:00 Horse Collar
32:37 Iron Casting
32:08 Town Watch
32:59 Wheelbarrow
33:14 Heavy Plow
33:48 Husbandry
36:51 Imperial Age
34:51 Fletching
35:57 Hand Cart
36:42 Bodkin Arrow
38:21 Plate Barding Armor
38:08 Conscription
40:51 Blast Furnace
40:47 Gold Mining
40:47 Stone Mining
43:01 Scale Mail Armor
44:01 Stone Shaft Mining
44:01 Gold Shaft Mining
43:39 Bracer
43:57 Chain Mail Armor
43:06 Pikeman
43:34 Pikeman
44:14 Squires
44:00 Arson
44:13 Elite Coustillier
44:39 Halberdier
47:35 Plate Mail Armor
48:55 Two-Man Saw
48:28 Crop Rotation
54:37 Bracer
55:01 Padded Archer Armor
56:04 Chemistry
55:25 Ballistics
58:45 Flemish Revolution
809591945
5:45 Loom
12:19 Feudal Age
12:47 Town Watch
12:50 Double-Bit Axe
16:07 Scale Barding Armor
24:42 Castle Age
24:03 Bloodlines
24:07 Forging
23:50 Horse Collar
39:08 Bow Saw
47:01 Imperial Age
46:08 Fletching
61:45 Pikeman
63:39 Squires
niColaus
6:11 Loom
13:37 Feudal Age
17:19 Castle Age
15:30 Double-Bit Axe
17:23 Scale Barding Armor
19:02 Bloodlines
19:33 Wheelbarrow
25:20 Forging
25:08 Town Watch
33:22 Husbandry
34:44 Hand Cart
35:25 Chain Barding Armor
36:05 Town Watch
41:08 Iron Casting
41:51 Gold Mining
47:17 Imperial Age
45:17 Bow Saw
45:35 Horse Collar
48:59 Heavy Camel Rider
49:01 Elite Steppe Lancer
50:18 Iron Casting
49:57 Cavalier
50:18 Light Cavalry
59:53 Blast Furnace
60:26 Heavy Scorpion
61:42 Hussar
marsupoil3232
7:25 Loom
14:15 Feudal Age
19:20 Castle Age
17:50 Double-Bit Axe
18:19 Stone Mining
19:57 Wheelbarrow
24:57 Arson
26:13 Fletching
29:32 Gold Mining
29:50 Squires
30:17 Scale Mail Armor
30:56 Forging
32:04 Bow Saw
33:34 Iron Casting
33:52 Chain Mail Armor
34:34 Horse Collar
38:38 Imperial Age
37:40 Gold Shaft Mining
40:24 Town Watch
40:55 Hand Cart
41:35 Grand Trunk Road
41:46 Elite Ghulam
42:52 Conscription
45:06 Blast Furnace
47:39 Two-Man Saw
50:22 Stone Shaft Mining
54:54 Scale Barding Armor
54:26 Heavy Camel Rider
55:06 Husbandry
55:17 Bloodlines
56:24 Chain Barding Armor
56:10 Imperial Camel Rider
58:28 Light Cavalry
60:54 Plate Barding Armor
61:30 Hussar
Omarix
10:56 Loom
13:32 Feudal Age
17:11 Castle Age
16:14 Double-Bit Axe
22:56 Scale Barding Armor
26:17 Horse Collar
29:18 Wheelbarrow
29:01 Bow Saw
28:54 Heavy Plow
31:55 Bloodlines
32:37 Fletching
33:51 Padded Archer Armor
33:49 Bodkin Arrow
35:09 Padded Archer Armor
36:14 Ballistics
38:02 Leather Archer Armor
42:15 Imperial Age
41:05 Thumb Ring
51:56 Bracer
54:01 Chemistry
58:49 Parthian Tactics
Connection lost

Rejoining the realm…

Still unreachable

The connection could not be restored.

Session expired

The server has moved on; the page needs a fresh start.